 Dungeon Crawl Stone Soup version 0.27-a0-1105-g946c659c87 (webtiles) character file.

Game seed: 3157661710171425707

809 spiderkeys the Ruffian (level 7, -6/70 HPs)
             Began as a Troll Monk on Apr 30, 2021.
             Was a Follower of Ru.
             Mangled by Prince Ribbit (20 damage)
             ... on level 5 of the Dungeon.
             The game lasted 00:09:57 (4121 turns).

spiderkeys the Ruffian (Troll Monk)                 Turns: 4121, Time: 00:09:57

Health: -6/70      AC:  5    Str: 20    XL:     7   Next: 61%
Magic:  6/6        EV: 11    Int:  6    God:    Ru [*.....]
Gold:   230        SH:  0    Dex: 14    Spells: 6/6 levels left

rFire    . . .     SeeInvis .     - Unarmed
rCold    . . .     Faith    .   (no shield)
rNeg     . . .     Spirit   .   a - +1 robe
rPois    .         Reflect  .   (helmet restricted)
rElec    .         Harm     .   (no cloak)
rCorr    .         Rampage  .   (gloves unavailable)
Will     .....                  (boots unavailable)
Stlth    ++........             (no amulet)
HPRegen  1.21/turn              (no ring)
MPRegen  0.10/turn              (no ring)

@: attractive
A: large, unfitting armour, claws 3, regeneration 1, shaggy fur 1, tough skin 1,
inability to train armour
a: Renounce Religion


You were on level 5 of the Dungeon.
You worshipped Ru.
Ru was aware of your devotion.
You visited 2 branches of the dungeon, and saw 6 of its levels.

You collected 230 gold pieces.


Innate Abilities, Weirdness & Mutations

You are too large for most types of armour.
You have claws for hands.
Your natural rate of healing is unusually fast.
You are covered in fur. (AC +1)
You have tough skin. (AC +1)
You cannot train Armour skill.


   Skills:
 + Level 4.3 Fighting
 + Level 4.3 Dodging
 - Level 1.0 Stealth
 * Level 6.7 Unarmed Combat


You had 6 spell levels left.
You didn't know any spells.
Your spell library was empty.

Inventory:

Missiles
 b - 88 stones (quivered)
 e - 72 poisoned darts
 h - 4 javelins
 n - 61 sling bullets
 r - a throwing net {=f!f}
 w - 36 arrows
Armour
 a - a +1 robe (worn)
Magical Staves
 c - a staff of earth {!a}
   (You found it on level 1 of the Dungeon)
Jewellery
 g - an amulet of regeneration
   (You found it on level 5 of the Dungeon)
 Z - a ring of wizardry
   (You found it on level 1 of the Dungeon)
Wands
 i - a wand of flame (17)
   (You found it on level 2 of the Dungeon)
Scrolls
 k - a scroll of noise {!r}
 m - 2 scrolls of identify {@r1}
 o - a scroll of enchant weapon
 q - 5 scrolls of teleportation {@r4}
 u - a scroll of summoning {unknown}
Potions
 d - 3 potions of lignification {!q}
 f - 3 potions of curing {@q1}
 j - 2 potions of mutation {!q}
 p - a potion of flight
 s - 3 potions of brilliance

Dungeon Overview and Level Annotations

Branches:
Dungeon (5/15)             Temple (1/1) D:4

Altars:
Ashenzari
Dithmenos
Gozag
Kikubaaqudgha
Makhleb
Okawaru
Qazlal
Ru
Sif Muna
Wu Jian
Xom
Yredelemnul
Zin

Shops:
D:1 !   D:3 ?

Annotations:
D:5 Prince Ribbit

#....# #....#### #.......#
#.......# .
####....####### ..
#....##....# ...
#....##.##.#
...Z##########....##.##.#
...F)......)...ยง@>...##.#
########.##.##..F.#####.#
#.##.............#
#...############## ###.#
#...# ### #.### ..######.#
.........#


You could see Prince Ribbit.


Message History

You feel attractive to monsters. Duvessa hits you with a +0 short sword.
* * * LOW HITPOINT WARNING * * *
๐Ÿ˜ฑ HP[-4]
You take 4 damage, and now have 10/70 hp.
Really read
v - a scroll of blinking {!r}?
Blink to where?
Press: ? - help, Dir - move target
As you read the scroll of blinking {!r}, it crumbles to dust.
Duvessa is pulled toward you! ๐Ÿ˜ฑ HP[+1]
Okay, then.
You feel better.
Prince Ribbit is pulled toward you! ๐Ÿ˜จ HP[+9]
You regained 9 hp, and now have 20/70 hp.
Okay, then.
You claw Duvessa! Duvessa closely misses you.
The centaur skeleton is pulled toward you! ๐Ÿ˜จ HP[+1]
You scratch Duvessa.
You kill Duvessa!
The centaur skeleton is pulled toward you! ๐Ÿ˜จ HP[+1]
You closely miss Prince Ribbit.
Prince Ribbit begins to cast a spell, but is stunned by your conviction!
The centaur skeleton hits you.
* * * LOW HITPOINT WARNING * * *
The centaur skeleton kicks you but does no damage. ๐Ÿ˜จ HP[-1]
You take 1 damage, and now have 21/70 hp.
Prince Ribbit blinks!
Prince Ribbit is pulled toward you! ๐Ÿ˜จ HP[+2]
You regained 2 hp, and now have 23/70 hp.
You mangle the centaur skeleton!!
The centaur skeleton completely misses you.
The centaur skeleton closely misses you. ๐Ÿ˜จ HP[+1] Prince Ribbit is pulled toward you!
The centaur skeleton is pulled toward you! ๐Ÿ˜จ HP[+1] Prince Ribbit blinks!
Prince Ribbit is pulled toward you! ๐Ÿ˜จ HP[+1] Prince Ribbit lets out a mournful croak.
Prince Ribbit blinks! ๐Ÿ˜จ HP[+1] Prince Ribbit closely misses you.
There is a stone staircase leading down here. ๐Ÿ˜จ HP[+2]
You regained 2 hp, and now have 29/70 hp.
Prince Ribbit blinks!
Prince Ribbit is pulled toward you! ๐Ÿ˜จ HP[+1] ๐Ÿ˜จ HP[+1]
You scratch Prince Ribbit.
Prince Ribbit croaks regally.
Prince Ribbit blinks!
The centaur skeleton is pulled toward you! ๐Ÿ˜จ HP[+1]
You scratch the centaur skeleton. You claw the centaur skeleton.
You destroy the centaur skeleton! ๐Ÿ˜จ HP[+1] Prince Ribbit is pulled toward you! ๐Ÿ˜จ HP[+1] Prince Ribbit blinks!
Prince Ribbit is pulled toward you!
There is a stone staircase leading down here. ๐Ÿ˜ฎ HP[+2]
You regained 2 hp, and now have 36/70 hp.
Prince Ribbit is nearby!
Prince Ribbit hits you!
* * * LOW HITPOINT WARNING * * *
๐Ÿ˜จ HP[-13]
You take 13 damage, and now have 23/70 hp.
You claw Prince Ribbit!
Prince Ribbit croaks regally.
Prince Ribbit hits you!
* * * LOW HITPOINT WARNING * * *
๐Ÿ˜ฑ HP[-8]
You take 8 damage, and now have 15/70 hp.
You claw Prince Ribbit!
Prince Ribbit hits you but does no damage. ๐Ÿ˜ฑ HP[+1]
You claw Prince Ribbit!
Prince Ribbit begins to cast a spell, but is stunned by your conviction!
Prince Ribbit says, "You're just another fly to me."
Prince Ribbit blinks!
Prince Ribbit is pulled toward you! ๐Ÿ˜ฑ HP[+1]
You closely miss Prince Ribbit.
Prince Ribbit croaks regally.
Prince Ribbit hits you!
* * * LOW HITPOINT WARNING * * *
๐Ÿ˜ฑ HP[-6]
You take 6 damage, and now have 11/70 hp.
You barely miss Prince Ribbit. You claw Prince Ribbit.
Prince Ribbit blinks!
Prince Ribbit is pulled toward you! ๐Ÿ˜ฑ HP[+1]
You barely miss Prince Ribbit.
Prince Ribbit casts a spell.
Prince Ribbit looks slightly unstable. ๐Ÿ˜ฑ HP[+1]
You miss Prince Ribbit. Prince Ribbit hits you!!
You die...

Skill      XL: |  1  2  3  4  5  6  7 |
---------------+----------------------+-----
Unarmed Combat | 4 5 6 |  6.7
Fighting       | 3 4 |  4.3
Dodging        | 3 4 |  4.3
Stealth        | |  1.0

Action                   |  1- 3 |  4- 6 |  7- 9 || total
-------------------------+-------+-------+-------++-------
Melee: Unarmed           |    84 |   207 |    47 ||   338
       Punch             |       |     3 |     5 ||     8
Invok: Sacrifice Durabil |       |       |     1 ||     1
  Use: Scroll            |     2 |    11 |     1 ||    14
       Potion            |       |     1 |     3 ||     4
 Stab: Sleeping          |     2 |     3 |       ||     5
       Distracted        |       |       |     1 ||     1
Armor: Robe              |    31 |    44 |    12 ||    87
Dodge: Dodged            |    35 |    90 |    20 ||   145

Levels and vault maps discovered:
D:1:      co_arrival_random_square_maze, layout_loops_cross, serial_shops,
          nicolae_shop_waterfront
D:2:      layout_loops_cross, shapermc_ecumenical_altar_mp_highgroup,
          st_stairs_5, uniq_natasha
D:3:      layout_basic, serial_rivers, chequers_serial_rivers_small_b,
          chequers_serial_rivers_room_b, chequers_serial_rivers_micro_a,
          chequers_serial_rivers_large_b, chequers_serial_rivers_micro_c,
          serial_shops, shop, lemuel_flame_loot_1
D:4:      corexii_shantytown, layout_basic, nicolae_dithmenos_shadow_blocks,
          yredelemnul_altar_generic, minmay_temple_entry_nine_rooms
D:5:      layout_basic, trog_hazing_becter, nemelex_xobeh_ov_fountains_minmay,
          uniq_ijyb, uniq_duvessa, uniq_prince_ribbit1
Temple:   minmay_freezing_vapour_temple

Notes
Turn   | Place    | Note
-------+----------+-------------------------------------------
     0 | D:1      | spiderkeys the Troll Monk began the quest for the Orb.
     0 | D:1      | Reached XP level 1. HP: 22/22 MP: 0/0
     0 | D:1      | magus.rc [v1.9.10]
   182 | D:1      | Found Itu Vute's Distillery.
   283 | D:1      | Reached XP level 2. HP: 29/29 MP: 1/1
   738 | D:2      | Reached XP level 3. HP: 36/36 MP: 2/2
   886 | D:2      | Noticed Natasha
   892 | D:2      | Killed Natasha
   893 | D:2      | Reached skill level 4 in Unarmed Combat
  1021 | D:2      | Reached XP level 4. HP: 44/44 MP: 3/3
  1046 | D:2      | Noticed Natasha
  1053 | D:2      | Killed Natasha
  1054 | D:2      | Reached skill level 3 in Fighting
  1054 | D:2      | Reached skill level 3 in Dodging
  1071 | D:2      | Found a faded altar of an unknown god.
  1815 | D:3      | Noticed a bullfrog
  1829 | D:3      | Killed a bullfrog
  1830 | D:3      | Reached XP level 5. HP: 30/53 MP: 4/4
  1855 | D:3      | Found Quamn's Magic Scroll Shop.
  2702 | D:4      | Reached skill level 5 in Unarmed Combat
  2958 | D:4      | Reached XP level 6. HP: 52/61 MP: 5/5
  3072 | D:4      | Found a basalt altar of Yredelemnul.
  3160 | D:4      | HP: 12/62 [frozen (5)]
  3165 | D:4      | HP: 9/62 [poisoned by a scorpion]
  3208 | D:4      | Found a shadowy altar of Dithmenos.
  3415 | D:4      | Reached skill level 6 in Unarmed Combat
  3434 | D:4      | Reached skill level 4 in Fighting
  3434 | D:4      | Reached XP level 7. HP: 70/70 MP: 6/6
  3452 | D:4      | Found a staircase to the Ecumenical Temple.
  3460 | Temple   | Entered the Ecumenical Temple
  3473 | Temple   | Became a worshipper of Ru the Awakened
  3478 | Temple   | Gained mutation: You cannot train Armour skill. [Ru
                  | sacrifice]
  3478 | Temple   | Reached * piety under Ru
  3756 | D:4      | Reached skill level 4 in Dodging
  3900 | D:5      | Entered Level 5 of the Dungeon
  4076 | D:5      | Noticed Duvessa
  4076 | D:5      | Noticed Dowan
  4080 | D:5      | Noticed Prince Ribbit
  4087 | D:5      | Killed Dowan
  4095 | D:5      | HP: 14/70 [Duvessa/+0 short sword (19)]
  4100 | D:5      | Killed Duvessa
  4115 | D:5      | HP: 15/70 [Prince Ribbit (9)]
  4121 | D:5      | Mangled by Prince Ribbit

Vanquished Creatures
  Duvessa (D:5)
  An ogre (D:4)
  A bullfrog (D:3)
  2 scorpions (D:4)
  Dowan (D:5)
  A centaur skeleton (D:5)
  A hound (D:4)
  A bullfrog skeleton (D:5)
  Natasha (twice) (D:2)
  A hound zombie (D:5)
  A hound skeleton (D:4)
  7 gnolls (D:4)
  4 adders
  2 ufetubi (D:5)
  An adder skeleton (D:4)
  A worm (D:2)
  2 dart slugs (D:2)
  9 orcs
  10 endoplasms
  4 giant cockroaches
  11 goblins
  22 hobgoblins
  10 kobolds
  5 quokkas
  5 ball pythons
  7 bats
  3 frilled lizards
  6 rats
122 creatures vanquished.

Vanquished Creatures (others)
  2 endoplasms (D:3)
2 creatures vanquished.

Grand Total: 124 creatures vanquished

Table legend:
 A = Non-vault XP
 B = Vault XP
 C = Vault XP percentage of total XP
 D = Non-vault monster count
 E = Vault monster count
 F = Vault count percentage of total count
                 A         B        C        D         E       F
            +---------+---------+-------+---------+---------+-------
      Total |     801 |     355 |  30.7 |      84 |      38 |  31.1
            +---------+---------+-------+---------+---------+-------
        D:1 |      39 |       0 |   0.0 |      24 |       0 |   0.0
        D:2 |      83 |      38 |  31.4 |      16 |       3 |  15.8
        D:3 |     118 |       0 |   0.0 |      15 |       0 |   0.0
        D:4 |     446 |     106 |  19.2 |      24 |      33 |  57.9
        D:5 |     115 |     211 |  64.7 |       5 |       2 |  28.6
            +---------+---------+-------+---------+---------+-------

Illustrated notes

Table legend:
 A = Kills in this place as a percentage of kills in entire the game.
 B = Kills by you in this place as a percentage of kills by you in the entire game.
 C = Kills by friends in this place as a percentage of kills by friends in the entire game.
 D = Other kills in this place as a percentage of other kills in the entire game.
 E = Experience gained in this place as a percentage of experience gained in the entire game.
 F = Experience gained in this place divided by the number of levels of this place that you have seen.
                   A       B       C       D       E      F
               +-------+-------+-------+-------+-------+----------------------
         Total | 100.0 | 100.0 |   N/A |   N/A | 100.0 | 192.7
       Dungeon | 100.0 | 100.0 |   N/A |   N/A | 100.0 | 231.2
               +-------+-------+-------+-------+-------+----------------------

Table legend: (Time is in decaauts)
 A = Elapsed time spent in this place.
 B = Non-inter-level travel time spent in this place.
 C = Inter-level travel time spent in this place.
 D = Time resting spent in this place.
 E = Time spent auto-exploring this place.
 F = Levels seen in this place.
 G = Mean time per level.
                   A        B        C        D        E       F      G
               +--------+--------+--------+--------+--------+-----+--------+
         Total |   4124 |   4027 |     97 |      0 |   3273 |   6 |  687.3 |
       Dungeon |   4103 |   4006 |     97 |      0 |   3273 |   5 |  820.6 |
        Temple |     20 |     20 |      0 |      0 |      0 |   1 |   20.0 |
               +--------+--------+--------+--------+--------+-----+--------+

Top non-repeatable levels by time:
     D:4: 1275 daAuts
     D:3: 1127 daAuts
     D:2: 756 daAuts
     D:1: 727 daAuts
     D:5: 216 daAuts
  Temple: 20 daAuts
